 Dungeon Sprint DCSS version 0.30-a0-715-gdb4ae3ece1 (webtiles) character file.

Game seed: 15551005323811997803

54 dduke234 the Fighter (level 5, -3/59 HPs)
             Began as a Hill Orc Monk on Jan 24, 2023.
             Was a Plaything of Xom.
             Slain by a killer bee (9 damage)
             ... in the Dungeon (Sprint VI: "Thunderdome").
             The game lasted 00:03:31 (329 turns).

dduke234 the Fighter (Hill Orc Monk)                 Turns: 329, Time: 00:03:31

Health: -3/59      AC:  2    Str: 16    XL:     5   Next: 89%
Magic:  5/5        EV: 12    Int: 10    God:    Xom [*.....]
Gold:   280        SH:  0    Dex: 13    Spells: 4/4 levels left

rFire   . . .      SeeInvis .    a - +0 hand axe
rCold   . . .      Faith    .    (no shield)
rNeg    . . .      Spirit   .    b - +0 robe
rPois   .          Reflect  .    (no helmet)
rElec   .          Harm     .    (no cloak)
rCorr   .          Rampage  .    (no gloves)
Will    .....      NoTele   +    (no boots)
Stlth   ++                       (no amulet)
HPRegen 0.29/turn                (no ring)
MPRegen 0.09/turn                (no ring)

@: lethally poisoned (-3 -> -8)
A: no striking features
a: Renounce Religion


You were in the Dungeon.
You worshipped Xom.
You were a special plaything of Xom.
You visited 1 branch You collected 280 gold pieces.

Inventory:

Hand Weapons
 a - a +0 hand axe (weapon)
Armour
 b - a +0 robe (worn)
Wands
 k - a wand of light (4)
 l - a wand of iceblast (5)
Scrolls
 i - 4 scrolls of blinking
 m - 3 scrolls of fog
Potions
 c - a potion of ambrosia
 f - 4 potions of haste
 g - 2 potions of magic
 h - a potion of berserk rage
 j - 2 potions of resistance


   Skills:
 * Level 10.3 Fighting
 + Level 9.2 Axes
 * Level 5.8 Armour
 - Level 2.4 Dodging
 - Level 1.5 Stealth


You had 4 spell levels left.
You didn't know any spells.
Your spell library was empty.

Dungeon Overview and Level Annotations

Branches:
Dungeon (1/1)

Altars:
Cheibriados
Dithmenos
Fedhas
Gozag
Kikubaaqudgha
Makhleb
Okawaru
Qazlal
Ru
Sif Muna
Trog
Uskayaw
Vehumet
Wu Jian
Xom
Yredelemnul
Zin
The Shining One
Beogh
Lugonu

Shops:
D *[??*?*:[((!!!!


Message History

The killer bee is severely wounded.
You feel sick. The killer bee stings you.
* * * LOW HITPOINT WARNING * * *
The killer bee stings you.
* * * LOW HITPOINT WARNING * * *
You are more poisoned.
The killer bee poisons you!
You feel much better.
You feel very sick.
The killer bee stings you but does no damage.
The killer bee closely misses you.
You miss the killer bee.
The killer bee is severely wounded.
You miss the killer bee.
You feel sick. The killer bee stings you. The killer bee stings you!
* * * LOW HITPOINT WARNING * * *
The killer bee closely misses you.
You feel much better.
You feel sick. The killer bee closely misses you. The killer bee stings you!
You are more poisoned.
The killer bee poisons you! The killer bee stings you. x2
You feel better. The killer bee barely misses you. The killer bee stings you.
You are poisoned.
The killer bee poisons you! The killer bee stings you. x2
You barely miss the killer bee.
The killer bee is severely wounded.
You miss the killer bee.
You feel very sick. The killer bee barely misses you.
The killer bee stings you.
* * * LOW HITPOINT WARNING * * *
The killer bee stings you!
* * * LOW HITPOINT WARNING * * *
The killer bee misses you.
You closely miss the killer bee.
The killer bee is severely wounded.
You miss the killer bee.
* * * LOW HITPOINT WARNING * * *
You feel sick. The killer bee stings you!
You die...
Xom chortles!

#⌠........÷.# #.<.# #.........
#⌠..........###...###.........
##.............###............
###∩........8.# #.8........∩#
##∩_._.....†###......___∩##
######†8.........8.######
#⌠†..........⌠#
###.........### #.@y....._#
#_y......_# #_......._#
#∩.......∩# ##∩.....∩##
##.....## ##⌠⌠⌠## #####


You could see 2 killer bees.

Vanquished Creatures
  Sigmund (D)
  A hell rat (D)
  3 river rats (D)
  A giant cockroach (D)
  2 hobgoblins (D)
  A frilled lizard (D)
  2 rats (D)
11 creatures vanquished.

Notes
Turn   | Place    | Note
-------+----------+-------------------------------------------
     0 | D        | dduke234 the Hill Orc Monk began the quest for the Orb.
     0 | D        | Reached XP level 1. HP: 19/19 MP: 1/1
     3 | D        | Found a shimmering blue altar of Sif Muna.
     3 | D        | Found a corrupted altar of Lugonu.
     4 | D        | Found a basalt altar of Yredelemnul.
     4 | D        | Found a stormy altar of Qazlal.
     5 | D        | Found a glowing golden altar of the Shining One.
     5 | D        | Found a hide-covered altar of Uskayaw.
     5 | D        | Round 1.
     6 | D        | Found Omuinelo's Distillery.
     6 | D        | Found a shadowy altar of Dithmenos.
     6 | D        | Found an ornate altar of the Wu Jian Council.
     6 | D        | Found Kuzxem's Do-It-Yourself Clinic.
     7 | D        | Found Ysiul's Distillery.
     7 | D        | Found Latt's Bottled Wisdom.
    11 | D        | Found a burning altar of Makhleb.
    12 | D        | Found a blossoming altar of Fedhas.
    13 | D        | Found a sacrificial altar of Ru.
    15 | D        | Found Siuxtott's Weapon Rack.
    17 | D        | Found Ketseikaw's Basic Armour.
    17 | D        | Found Hadil's Miscellaneous Merchandise.
    18 | D        | Found a radiant altar of Vehumet.
    18 | D        | Found an iron altar of Okawaru.
    18 | D        | Found Tuicvix's Premium Goods.
    23 | D        | Found an opulent altar of Gozag.
    25 | D        | Found a snail-covered altar of Cheibriados.
    27 | D        | Found Faotylacw's Identification Station.
    29 | D        | Found Eguiwoa's Advanced Armour.
    29 | D        | Found Zoicso's Jewellery.
    30 | D        | Found a shimmering altar of Xom.
    30 | D        | Found an ancient bone altar of Kikubaaqudgha.
    36 | D        | Reached skill level 4 in Fighting
    37 | D        | Found a roughly hewn altar of Beogh.
    39 | D        | Found a glowing silver altar of Zin.
   100 | D        | Found Sota's Staff Store.
   102 | D        | Found Balo Xap's Must-Have Magic.
   102 | D        | Found Uman's Magic Scroll Shop.
   103 | D        | Found a bloodstained altar of Trog.
   103 | D        | Found Nesm's Magic Scroll Shop.
   116 | D        | Reached skill level 1 in Armour
   121 | D        | Became a worshipper of Xom of Bone-Dry Humour
   133 | D        | Noticed Sigmund
   134 | D        | XOM: potion effect (haste)
   146 | D        | Killed Sigmund
   147 | D        | Reached skill level 9 in Fighting
   147 | D        | Reached XP level 2. HP: 34/38 MP: 2/2
   147 | D        | Reached XP level 3. HP: 41/45 MP: 3/3
   147 | D        | Reached XP level 4. HP: 46/51 MP: 4/4
   147 | D        | Reached XP level 5. HP: 52/58 MP: 5/5
   173 | D        | Arena points: 12 (+12) [x2]
   226 | D        | Round 2.
   236 | D        | Reached skill level 5 in Armour
   241 | D        | Reached skill level 10 in Fighting
   242 | D        | HP: 1/56 [hell rat (19)]
   254 | D        | Arena points: 54 (+42) [x3]
   300 | D        | Round 3.
   329 | D        | Slain by a killer bee

Illustrated notes

Levels and vault maps discovered:
D:        arena_sprint

Skill      XL: |  1  2  3  4  5 |
---------------+----------------+-----
Fighting       | 9 10 | 10.3
Armour         | 4 5 |  5.8
Axes           | 8 9 |  9.2
Dodging        | |  2.4
Stealth        | |  1.5

Action                     |  1- 3 |  4- 6 || total
---------------------------+-------+-------++-------
  Melee: Hand axe          |    10 |    31 ||    41
  Evoke: Wand              |     1 |       ||     1
    Use: Potion            |       |     5 ||     5
 Armour: Robe              |     1 |     5 ||     6
  Dodge: Dodged            |     3 |    25 ||    28

Table legend: (Time is in decaauts)
 A = Elapsed time spent in this place.
 B = Non-inter-level travel time spent in this place.
 C = Inter-level travel time spent in this place.
 D = Time resting spent in this place.
 E = Time spent auto-exploring this place.
 F = Levels seen in this place.
 G = Mean time per level.
                   A        B        C        D        E       F      G
               +--------+--------+--------+--------+--------+-----+--------+
         Total |    305 |    305 |      0 |      0 |     55 |   1 |  305.0 |
       Dungeon |    305 |    305 |      0 |      0 |     55 |   1 |  305.0 |
               +--------+--------+--------+--------+--------+-----+--------+

Top non-repeatable levels by time:
       D: 305 daAuts
